 Dungeon Crawl Stone Soup version 0.21.1-68-g103a7af (webtiles) character file.

244 meralisa the Insei (level 6, -3/55 HPs)
             Began as a Naga Transmuter on Aug 2, 2018.
             Slain by a gnoll
             ... wielding a +3 spear
              (5 damage)
             ... on level 3 of the Dungeon.
             The game lasted 00:15:40 (2982 turns).

meralisa the Insei (Naga Transmuter)                Turns: 2982, Time: 00:15:41

Health: -3/55      AC:  5    Str: 12    XL:     6   Next: 10%
Magic:  3/19       EV: 10    Int: 13    God:
Gold:   111        SH:  0    Dex: 14    Spells: 3/11 levels left

rFire    . . .     SeeInvis +     - Unarmed
rCold    . . .     Gourm    .   (no shield)
rNeg     . . .     Faith    .   b - +0 robe
rPois    +         Spirit   .   (no helmet)
rElec    .         Reflect  .   s - +0 cloak
rCorr    .         Harm     .   x - +0 pair of gloves
MR       .....                  (no barding)
Stlth    ++........             (no amulet)
HPRegen  0.18/turn              h - ring of magical power
MPRegen  0.16/turn              (no ring)

@: very slightly contaminated, very slow
A: large, see invisible, deformed body, poison resistance, slowness 2, slow
metabolism 1, spit poison 1, AC +2
a: Spit Poison


You were on level 3 of the Dungeon.
You were not hungry.

You visited 1 branch of the dungeon, and saw 4 of its levels.

You collected 111 gold pieces.

Inventory:

Hand Weapons
 r - a +4 quarterstaff of chaos
 v - a +3 short sword of venom
Missiles
 a - 4 arrows
 p - 12 poisoned needles
 w - 11 bolts
Armour
 b - a +0 robe (worn)
 s - a +0 cloak (worn)
 x - a +0 pair of gloves (worn)
Jewellery
 h - a ring of magical power (left hand)
 q - an uncursed ring of teleportation
Scrolls
 e - a scroll of identify {unknown}
 g - a scroll of enchant weapon {unknown}
 j - a scroll of magic mapping {unknown}
 k - a scroll of fear {unknown}
 u - a scroll of teleportation {unknown}
Potions
 f - 2 potions of might {unknown}
 i - 2 potions of brilliance {unknown}
 m - a potion of curing {unknown}
 n - a potion of haste {unknown}
 o - 3 potions of ambrosia {unknown}
Books
 c - a book of Changes

   Spells                             Type                      Level
   a - Beastly Appendage              Transmutation                1
   b - Sticks to Snakes               Transmutation                2
   c - Spider Form                    Transmutation/Poison         3
   d - Ice Form                       Ice/Transmutation            4
   e - Blade Hands                    Transmutation                5
 l - a book of Minor Magic

   Spells                             Type                      Level
   a - Magic Dart                     Conjuration                  1
   b - Blink                          Translocation                2
   c - Call Imp                       Summoning                    2
   d - Slow                           Hexes                        2
   e - Conjure Flame                  Conjuration/Fire             3
   f - Mephitic Cloud                 Conjuration/Poison/Air       3
Comestibles
 d - 6 rations


   Skills:
 * Level 2.5 Fighting
 * Level 2.1 Dodging
 - Level 3.1 Stealth
 + Level 3.9 Unarmed Combat
 + Level 3.2 Spellcasting
 - Level 0.1 Translocations
 + Level 2.9 Transmutations


You had 3 spell levels left.
You knew the following spells:

 Your Spells              Type           Power        Failure   Level  Hunger
a - Beastly Appendage     Tmut           #.....       7%          1    #......
b - Sticks to Snakes      Tmut           #.......     10%         2    ##.....
c - Spider Form           Tmut/Pois      #.........   36%         3    ###....
d - Blink                 Tloc           N/A          32%         2    ##.....


Dungeon Overview and Level Annotations

Branches:
Dungeon (4/15)
 Temple: D:4-7

Altars:
Zin


Innate Abilities, Weirdness & Mutations

You cannot wear boots.
Your serpentine skin is tough. (AC +2)
You have supernaturally acute eyesight. (SInv)
Armour fits poorly on your strangely shaped body.
Your system is resistant to poisons. (rPois)
You cover ground very slowly.
You have a slow metabolism.
You can spit poison.


Message History

You miscast Blink.
The world appears momentarily distorted!
Unknown command.
Casting: Blink
Confirm with . or Enter, or press ? or * to list all spells.
You miscast Blink.
You feel a wrenching sensation.
The gnoll hits you from afar with an enchanted spear!
* * * LOW HITPOINT WARNING * * *
Casting: Blink
Confirm with . or Enter, or press ? or * to list all spells.
You miscast Blink.
The air around you crackles with energy!
The gnoll hits you with a whip!
* * * LOW HITPOINT WARNING * * *
The gnoll barely misses you. The gnoll closely misses you.
Casting: Blink
Confirm with . or Enter, or press ? or * to list all spells.
You miscast Blink.
You spin around.
The gnoll hits you but does no damage.
The gnoll hits you from afar with an enchanted spear.
You die...

##.........##...##...#...##
.#......<.....#..#########
...........####..# #.#
.#.........###..####.#
.#########......#....#
.####.......#####....#
..##..#####.# #.g..#
#..ยงรท####...# ##g...#
..#..g..#.######@g...#
#.........#..........#
.........)..########.#
##..#.#..#### ###
....#...######
##.####......##
##.####.####..## ....#...#
##..## ##......######..####
######


You could see 3 gnolls.

Vanquished Creatures
  A scorpion (D:3)
  A howler monkey (D:3)
  A crimson imp (D:2)
  Crazy Yiuf (D:3)
  2 adders (D:2)
  An ooze (D:2)
  3 worms
  4 dart slugs
  4 leopard geckos
  7 bats
  2 giant cockroaches
  5 goblins
  7 hobgoblins
  4 frilled lizards
  4 kobolds
  4 rats
  A fungus (D:3)
52 creatures vanquished.

Vanquished Creatures (collateral kills)
  A worker ant (D:3)
  A leopard gecko (D:3)
2 creatures vanquished.

Grand Total: 54 creatures vanquished

Notes
Turn   | Place    | Note
-------+----------+-------------------------------------------
     0 | D:1      | meralisa the Naga Transmuter began the quest for the Orb.
     0 | D:1      | Reached XP level 1. HP: 18/18 MP: 3/3
   269 | D:1      | Reached skill level 1 in Stealth
   269 | D:1      | Reached XP level 2. HP: 25/25 MP: 5/5
   273 | D:1      | Learned a level 2 spell: Sticks to Snakes
   734 | D:2      | Reached XP level 3. HP: 12/31 MP: 2/6
   739 | D:2      | Learned a level 3 spell: Spider Form
  1360 | D:2      | Reached XP level 4. HP: 34/39 MP: 3/7
  1391 | D:2      | Learned a level 2 spell: Blink
  2033 | D:3      | Reached XP level 5. HP: 25/45 MP: 6/9
  2248 | D:3      | Found a runed door.
  2252 | D:3      | Noticed Crazy Yiuf
  2257 | D:3      | Killed Crazy Yiuf
  2408 | D:3      | Found a glowing silver altar of Zin.
  2692 | D:3      | Reached XP level 6. HP: 41/55 MP: 10/10
  2981 | D:3      | HP: 2/55 [gnoll/whip (9)]
  2982 | D:3      | Slain by a gnoll

Skill      XL: |  1  2  3  4  5 |
---------------+----------------+-----
Stealth        | 1 2 3 |  3.1
Fighting       | 2 |  2.5
Dodging        | 2 |  2.1
Spellcasting   | 3 |  3.2
Unarmed Combat | |  3.9
Translocations | |  0.1
Transmutations | |  2.9

Action                   |  1- 3 |  4- 6 || total
-------------------------+-------+-------++-------
Melee: Unarmed           |    29 |    65 ||    94
       Headbutt          |     6 |     6 ||    12
       Punch             |       |     1 ||     1
 Cast: Beastly Appendage |    12 |     9 ||    21
       Sticks to Snakes  |     3 |     5 ||     8
       Blink             |       |     5 ||     5
 Abil: Spit Poison       |    29 |    22 ||    51
  Use: Scroll            |       |     2 ||     2
 Stab: Distracted        |       |     1 ||     1
  Eat: Chunk             |     3 |     5 ||     8
       Ration            |       |     1 ||     1
Armor: Robe              |     2 |    11 ||    13
Dodge: Dodged            |    15 |    23 ||    38
